 Dungeon Crawl Stone Soup version 0.31-a0-233-g139696dc86 (webtiles) character file.

Game seed: 2970583841007935784

99 qw the Shooter (level 4, -5/26 HPs)
             Began as a Gargoyle Hexslinger on July 8, 2023.
             Slain by Terence
             ... wielding a +1 morningstar of holy wrath
              (12 damage)
             ... on level 3 of the Dungeon.
             The game lasted 00:00:50 (2368 turns).

qw the Shooter (Gargoyle Hexslinger)                Turns: 2368, Time: 00:00:51

Health: -5/26      AC:  9    Str: 12    XL:     4   Next: 72%
Magic:  5/5        EV: 10    Int: 13    God:
Gold:   98         SH:  0    Dex: 14    Spells: 4/5 levels left

rFire   . . .        Y - +1 sling
rCold   . . .        (no shield)
rNeg    + . .        a - +0 ring mail
rPois   inf          b - +0 helmet
rElec   +            (no cloak)
rCorr   .            (no gloves)
SInv    .            (no boots)
Will    .....        (no amulet)
Stlth   +            (no ring)
HPRegen 0.24/turn    (no ring)
MPRegen 0.09/turn

%: no passive effects
@: no status effects
A: sickness immunity, AC +3, negative energy resistance 1, electricity
resistance, torment resistance 1, petrification resistance
a: no special abilities


You were on level 3 of the Dungeon.
You visited 1 branch of the dungeon, and saw 4 of its levels.

You collected 98 gold pieces.


Innate Abilities, Weirdness & Mutations

You are immune to sickness and miasma.
Your stone body is resilient. (AC +3)
You are immune to poison.
You resist negative energy. (rN+)
You are resistant to electric shocks. (rElec)
You are resistant to unholy torment.
You are immune to petrification.


   Skills:
 - Level 2.3 Fighting
 + Level 4.1 Ranged Weapons
 - Level 1.0 Armour
 - Level 1.5 Dodging
 - Level 1.0 Spellcasting
 - Level 2.6 Hexes


You had 4 spell levels left.
You knew the following spells:

 Your Spells              Type           Power      Damage    Failure   Level
a - Slow                  Hex            28%        N/A       22%         1

Your spell library contained the following spells:

 Spells                   Type           Power      Damage    Failure   Level
 Inner Flame              Hex/Fire       4%         N/A       73%         3
 Portal Projectile        Hex/Tloc       8%         N/A       73%         3
 Cause Fear               Hex            3%         N/A       91%         4

Inventory:

Hand Weapons
 Y - a +1 sling (weapon)
Armour
 a - a +0 ring mail (worn)
 b - a +0 helmet (worn)
Scrolls
 c - a scroll of identify
 f - a scroll of revelation {unknown}
 i - a scroll of silence {unknown}
Potions
 d - a potion of ambrosia {unknown}
 e - a potion of haste {unknown}
 g - 2 potions of degeneration {unknown}
 h - a potion of curing

Dungeon Overview and Level Annotations

Branches:
Dungeon (4/15)
 Temple: D:4-7

Altars:
Nemelex Xobeh

Annotations:
D:3 Terence


Message History

Found 7 stones.
You now have 98 gold pieces (gained 4).
Enter note:
Enter note:
Enter note:
Enter note:
Enter note:
Enter note:
Enter note:
Enter note:
Enter note: You see here 7 stones.
You open the door.
Terence the Incautious comes into view.
He is wielding a +1 morningstar of holy wrath.
Terence shouts!
Found a faded altar of an unknown god.
Enter note:
Enter note:
Enter note:
Enter note:
Enter note:
Enter note:
Enter note:
Enter note:
Enter note: You shoot a sling bullet.
The sling bullet hits Terence.
Terence is lightly wounded.
You shoot a sling bullet. The sling bullet barely misses Terence.
Terence closely misses you.
You shoot a sling bullet.
The sling bullet hits Terence but does no damage.
Terence is lightly wounded.
Terence hits you with a +1 morningstar of holy wrath!
You shoot a sling bullet. The sling bullet hits Terence!
Terence is heavily wounded.
Terence closely misses you.
You shoot a sling bullet. The sling bullet hits Terence!
Terence is almost dead.
Terence hits you with a +1 morningstar of holy wrath! x2
You die...

## ..# ## ##.# . ...# .# ##
#..#### ### ?#.. .. #..##.. ..#
..##.###.#P.##.# #.#
######.#_.#1#.@@.##.# #.#
#......##.###.#P.##.# ####.#
#....#..# .. #...#.# #.##.####
#....#..#######.....###.......#
##...(....................#.##.#
..........#####..............#.#
##.......########.#######.##.#.#
#....#......<#......##......#.#
#....#######.#.#.##.##.#.##.#.#


You could see a Tzitzimitl (petrified) and Terence.

Vanquished Creatures
  An orc priest (D:3)
  An adder (D:2)
  3 worms
  2 dart slugs
  2 orcs (D:3)
  An endoplasm (D:1)
  A giant cockroach (D:1)
  3 hobgoblins
  4 jackals (D:2)
  2 quokkas
  2 ball pythons
  7 bats
  A frilled lizard (D:2)
  5 goblins
  5 kobolds
  8 rats
48 creatures vanquished.

Notes
Turn   | Place    | Note
-------+----------+-------------------------------------------
     0 | D:1      | qw the Gargoyle Hexslinger began the quest for the Orb.
     0 | D:1      | Reached XP level 1. HP: 12/12 MP: 2/2
     0 | D:1      | 0 ||| qw: Version: 0.3-a-46-gb1f654a
     0 | D:1      | 0 ||| qw: Game counter: 3740
     0 | D:1      | 0 ||| qw: Melee chars always use a shield: true
     0 | D:1      | 0 ||| qw: God list: Okawaru
     0 | D:1      | 0 ||| qw: Allow faded altars: false
     0 | D:1      | 0 ||| qw: Do Orc after clearing Dungeon:15 true
     0 | D:1      | 0 ||| qw: Do second Lair branch before Depths: true
     0 | D:1      | 0 ||| qw: Lair rune preference: random
     0 | D:1      | 0 ||| qw: Goals: Normal
     0 | D:1      | 0 ||| PLANNING D:1-11
   151 | D:1      | Reached XP level 2. HP: 14/16 MP: 3/3
   384 | D:1      | Reached skill level 3 in Ranged Weapons
   775 | D:1      | 775 ||| UPGRADING to +0 leather armour.
   785 | D:1      | 785 ||| DROPPING +0 robe.
   786 | D:1      | 786 ||| READING scroll labelled WUSHINW KESI.
   787 | D:1      | 787 ||| READING scroll labelled SORIEKIDDU.
   788 | D:1      | 788 ||| READING scroll labelled DOQIEJATHY.
   789 | D:1      | 789 ||| READING scroll labelled VIJARY HAKUL.
   790 | D:1      | 790 ||| DROPPING scroll of poison.
  1015 | D:2      | Reached XP level 3. HP: 15/21 MP: 4/4
  1057 | D:2      | HP: 3/21 [worm (7)]
  1686 | D:2      | 1686 ||| UPGRADING to +0 ring mail.
  1696 | D:2      | 1696 ||| DROPPING +0 leather armour.
  1697 | D:2      | 1697 ||| READING scroll labelled FEGAUCK VAMIMN.
  1701 | D:2      | 1701 ||| READING scroll labelled WAAMUL BIFATS.
  1796 | D:3      | You fall into a shaft and drop 1 floor!
  1797 | D:4      | 1797 ||| UPGRADING to +0 helmet.
  1802 | D:4      | 1802 ||| DRINKING 2 green potions.
  1808 | D:4      | 1808 ||| STAIRDANCE
  1862 | D:3      | Reached skill level 1 in Armour
  1862 | D:3      | Reached XP level 4. HP: 26/26 MP: 5/5
  2131 | D:3      | Reached skill level 4 in Ranged Weapons
  2212 | D:3      | Found a sparkling altar of Nemelex Xobeh.
  2363 | D:3      | Found a faded altar of an unknown god.
  2363 | D:3      | Noticed a Tzitzimitl
  2363 | D:3      | Noticed Terence
  2368 | D:3      | Slain by Terence

Levels and vault maps discovered:
D:1:      minmay_arrival_five_plusses, layout_basic
D:2:      layout_basic, serial_forest, infiniplex_forest_lined_3,
          infiniplex_forest_join, infiniplex_forest_side_room,
          infiniplex_forest_clump_double, infiniplex_forest_clump_C,
          infiniplex_forest_split
D:3:      layout_basic, nemelex_xobeh_ov_fountains_minmay,
          dreamdust_ecumenical_altar_sealed_demon, kennysheep_another_room,
          uniq_terence
D:4:      layout_rooms, cheibrodos_worm_habitat, nicolae_tso_carved_into_rock,
          serial_shops, shop, eino_small_chamber_without_monster, uniq_pikel

Skill      XL: |  1  2  3  4 |
---------------+-------------+-----
Ranged Weapons | 3 4 |  4.1
Fighting       | 2 |  2.3
Armour         | 1 |  1.0
Dodging        | |  1.5
Spellcasting   | |  1.0
Hexes          | |  2.6

Action                     |  1- 3 |  4- 6 || total
---------------------------+-------+-------++-------
   Fire: Sling             |   163 |    42 ||   205
    Use: Scroll            |     6 |       ||     6
         Potion            |     1 |       ||     1
 Armour: Robe              |    16 |       ||    16
         Leather armour    |    30 |       ||    30
         Ring mail         |     2 |    16 ||    18
  Dodge: Dodged            |    70 |    28 ||    98

Table legend:
 A = Non-vault XP
 B = Vault XP
 C = Vault XP percentage of total XP
 D = Non-vault monster count
 E = Vault monster count
 F = Vault count percentage of total count
                 A         B        C        D         E       F
            +---------+---------+-------+---------+---------+-------
      Total |     142 |       0 |   0.0 |      48 |       0 |   0.0
            +---------+---------+-------+---------+---------+-------
        D:1 |      24 |       0 |   0.0 |      15 |       0 |   0.0
        D:2 |      43 |       0 |   0.0 |      17 |       0 |   0.0
        D:3 |      75 |       0 |   0.0 |      16 |       0 |   0.0
            +---------+---------+-------+---------+---------+-------
